 Dungeon Crawl Stone Soup version 0.27.0-1-g7a089689b8 (webtiles) character file.

Game seed: 12831055830917552202

100 Dann the Shield-Bearer (level 4, 0/29 HPs)
             Began as a Gargoyle Fighter on Aug 9, 2021.
             Slain by an orc (7 damage)
             ... on level 2 of the Dungeon.
             The game lasted 00:05:33 (2339 turns).

Dann the Shield-Bearer (Gargoyle Fighter)           Turns: 2339, Time: 00:05:34

Health: 0/29       AC: 11    Str: 21    XL:     4   Next: 73%
Magic:  4/4        EV:  7    Int:  8    God:
Gold:   92         SH:  9    Dex:  9    Spells: 3/3 levels left

rFire    . . .     SeeInvis .   a - +0 flail
rCold    + . .     Faith    .   c - +0 kite shield
rNeg     + . .     Spirit   .   b - +0 scale mail
rPois    ∞         Reflect  .   (no helmet)
rElec    +         Harm     .   (no cloak)
rCorr    .         Rampage  .   (no gloves)
Will     .....                  k - +0 pair of boots
Stlth    ..........             (no amulet)
HPRegen  0.09/turn              h - ring of protection from cold
MPRegen  0.09/turn              (no ring)

@: no status effects
A: sickness immunity, AC +3, negative energy resistance 1, electricity
resistance, torment resistance 1, petrification resistance
a: no special abilities


You were on level 2 of the Dungeon.
You visited 1 branch of the dungeon, and saw 3 of its levels.

You collected 92 gold pieces.

Inventory:

Hand Weapons
 a - a +0 flail (weapon)
Armour
 b - a +0 scale mail (worn)
 c - a +0 kite shield (worn)
 k - a +0 pair of boots (worn)
Jewellery
 h - a ring of protection from cold (left hand)
Scrolls
 f - 4 scrolls of identify {unknown}
 g - a scroll of noise {unknown}
 j - a scroll of teleportation {unknown}
Potions
 d - a potion of might
 e - a potion of mutation {unknown}
 i - a potion of attraction {unknown}


   Skills:
 + Level 4.0 Fighting
 + Level 2.8 Maces & Flails
 + Level 3.9 Armour
 + Level 0.1 Dodging
 + Level 4.3 Shields


You had 3 spell levels left.
You didn't know any spells.
Your spell library contained the following spells:

 Spells                   Type           Power      Damage    Failure   Level
 Passwall                 Tmut/Erth      0%         N/A       100%        2
 Portal Projectile        Hex/Tloc       0%         N/A       100%        3
 Swiftness                Air            0%         N/A       100%        3
 Blade Hands              Tmut           0%         N/A       100%        5
 Excruciating Wounds      Necr           0%         N/A       100%        5
 Invisibility             Hex            0%         N/A       100%        6


Dungeon Overview and Level Annotations

Branches:
Dungeon (3/15)

Altars:

Shops:
D:1 ***


Innate Abilities, Weirdness & Mutations

You are immune to sickness and miasma.
Your stone body is resilient. (AC +3)
You are immune to poison.
You resist negative energy. (rN+)
You are resistant to electric shocks. (rElec)
You are resistant to unholy torment.
You are immune to petrification.


Message History

The orc is lightly wounded.
You block the orc's attack. The orc hits you with a +0 dagger.
You closely miss the orc.
The orc is lightly wounded.
The orc hits you with a +0 dagger.
You barely miss the orc.
The orc is lightly wounded.
The orc hits you but does no damage. The orc hits you with a +0 dagger.
You barely miss the orc.
The orc is lightly wounded.
The orc hits you but does no damage.
You hit the orc but do no damage.
The orc is lightly wounded.
The orc hits you with a +0 dagger. x2
You hit the orc.
The orc is heavily wounded.
The orc hits you but does no damage.
You hit the orc.
You kill the orc!
Things that are here:
a +0 dagger; a +0 leather armour HP restored.
Done exploring.
Things that are here:
a +0 dagger; a +0 leather armour
There is a stone staircase leading down here.
You climb downwards.
You block the ogre's attack. You block the rat's attack.
You block the orc's attack.
There is a stone staircase leading up here.
You block the rat's attack. The orc barely misses you.
The ogre hits you with a +0 giant club!!
Ouch! That really hurt!
* * * LOW HITPOINT WARNING * * *
You climb upwards.
There is a stone staircase leading down here.
You hit the orc but do no damage. The rat bites you but does no damage.
The orc hits you but does no damage. You block the rat's attack.
You hit the orc but do no damage. The orc hits you but does no damage.
The rat bites you but does no damage. The orc hits you with a +0 flail!
You die...

........#..#.......##.#.##.#
#.....###.##.......#.......#
#### #######
#.##........#.#.######...
#.##.......###...........
#.##........#.#.######...
#.##.......#.#......#####
#.##.......#.#..###.#
##.##########.#...##.#
####......Or@o.#.#...##.#
#.....##.#####.#.#...##.#
#.##.###.#####.#.#......#
###
#.##.#...............####
#.. #.##.....#####.#######
#.. #.....#..#####.#
#########.. ####...........#
#.......#.. ###########.#
#.#####.#.. #.## #.##....#..


You could see an ogre, an orc and a rat.

Vanquished Creatures
  A hound skeleton (D:2)
  3 adders (D:2)
  An adder skeleton (D:2)
  2 dart slugs (D:2)
  An orc (D:2)
  6 ball pythons
  3 bats
  8 endoplasms
  4 giant cockroaches (D:1)
  6 hobgoblins
  7 kobolds
  A quokka (D:1)
  4 frilled lizards
  3 rats (D:2)
50 creatures vanquished.

Vanquished Creatures (others)
  A plant (D:2)
  2 withered plants (D:2)
3 creatures vanquished.

Grand Total: 53 creatures vanquished

Notes
Turn   | Place    | Note
-------+----------+-------------------------------------------
     0 | D:1      | Dann the Gargoyle Fighter began the quest for the Orb.
     0 | D:1      | Reached XP level 1. HP: 14/14 MP: 1/1
   100 | D:1      | Reached XP level 2. HP: 19/19 MP: 2/2
   115 | D:1      | Found Cearchan's Assorted Antiques.
   372 | D:1      | Found a faded altar of an unknown god.
   589 | D:1      | Found Vucuwaw's Assorted Antiques.
   708 | D:1      | Reached XP level 3. HP: 23/23 MP: 3/3
   796 | D:1      | Found Imao's Assorted Antiques.
  1513 | D:2      | Reached XP level 4. HP: 25/29 MP: 4/4
  2199 | D:3      | Noticed an ogre
  2339 | D:2      | Slain by an orc

Illustrated notes

Levels and vault maps discovered:
D:1:      psy_arrival_radial01, layout_basic,
          hellmonk_ecumenical_altar_lost_god, serial_shops, shop,
          nicolae_lakefront_shop, shop
D:2:      layout_loops_cross, serial_undead, serial_undead_a, serial_undead_b,
          serial_undead_b, serial_undead_d, minmay_hedge_maze,
          serial_bayou_pond_e, minmay_distorted
D:3:      layout_loops_ring, ashenzari_altar_1, grunt_ministairs_2,
          kennysheep_nub, uniq_terence

Skill      XL: |  1  2  3  4 |
---------------+-------------+-----
Shields        | 4 |  4.3
Fighting       | 4 |  4.0
Maces & Flails | |  2.8
Armour         | |  3.9
Dodging        | |  0.1

Action                   |  1- 3 |  4- 6 || total
-------------------------+-------+-------++-------
Melee: Flail             |   148 |    90 ||   238
Armor: Scale mail        |    88 |    44 ||   132
Dodge: Dodged            |    35 |    30 ||    65
Block: Kite shield       |    81 |    42 ||   123
